 Dungeon Crawl Stone Soup version 0.10.4 character file.

1174 MordorOrchid the Grave Robber (level 7, -16/48 HPs)
             Began as a Mummy Necromancer on June 23, 2022.
             Demolished by Edmund
             ... wielding a +2,+4 flail of holy wrath
              (17 damage)
             ... on Level 6 of the Dungeon on June 26, 2022.
             The game lasted 00:29:17 (5551 turns).

MordorOrchid the Grave Robber (Mummy Necromancer)   Turns: 5551, Time: 00:29:17

HP -16/48        AC  5     Str 11      XL: 7   Next: 88%
MP   6/18        EV 13     Int 16      God:
Gold 242         SH  0     Dex 12      Spells:  3 memorised, 12 levels left

Res.Fire  : x . .   See Invis. : .   s - +4,+3 quarterstaff (chaos)
Res.Cold  : + . .   Warding    : . . n - +2 robe
Life Prot.: + + +   Conserve   : .   (no shield)
Res.Acid. : . . .   Res.Corr.  : .   (no helmet)
Res.Poison: +       Clarity    : .   (no cloak)
Res.Elec. : .       Spirit.Shd : .   q - +0 pair of gloves
Sust.Abil.: . .     Stasis     : .   (no boots)
Res.Mut.  : .       Ctrl.Telep.: .   (no amulet)
Res.Rott. : +       Levitation : .   (no ring)
Saprovore : . . .   Ctrl.Flight: .   (no ring)

@: very slightly contaminated, somewhat resistant to hostile enchantments,
unstealthy
A: no food or potions, fire vulnerability, restore body, cold resistance 1, life
protection 3, poison resistance, torment resistance, unbreathing
a: no special abilities


You were on level 6 of the Dungeon.
You were not hungry.

You visited 2 branches of the dungeon, and saw 7 of its levels.

You collected 222 gold pieces.

Inventory:

Hand weapons
 c - a +0,+0 whip
 g - a +0,+0 mace
 m - a +1,+0 war axe of flaming
 s - a +4,+3 quarterstaff of chaos (weapon)
 u - a cursed -3,-1 long sword
 v - a -1,+0 orcish dagger
 w - a -1,+1 orcish whip
 A - a +1,+3 orcish dagger
Missiles
 d - 18 +0 stones
 e - a poisoned +0 dart (quivered)
 i - 67 poisoned +0 needles
 o - 82 +0 arrows
 p - 24 poisoned +0 arrows
 B - 7 +0 needles of slowing
Armour
 n - a +2 robe (worn)
 q - a +0 pair of gloves (worn)
 t - a +0 cloak
Magical devices
 a - a wand of lightning (6)
 C - a wand of flame (10) {unknown}
Scrolls
 f - 2 scrolls of remove curse
 h - 3 scrolls of detect curse
 j - a scroll of curse armour
 k - 3 scrolls of fear
 l - 3 scrolls of teleportation
 r - a scroll of enchant weapon I
 x - 2 scrolls of identify
 y - 2 scrolls of amnesia {unknown}
 z - a scroll of enchant weapon II {unknown}
Books
 b - a book of Necromancy

   Spells                             Type                      Level
   *Pain                              Necromancy                   1
   *Animate Skeleton                  Necromancy                   1
   Lethal Infusion                    Charms/Necromancy            2
   *Vampiric Draining                 Necromancy                   3
   Regeneration                       Charms/Necromancy            3
   Animate Dead                       Necromancy                   4
   Control Undead                     Necromancy                   4


   Skills:
 * Level 2.7 Fighting
 * Level 2.3 Maces & Flails
 * Level 3.2 Dodging
 - Level 1.5 Stealth
 * Level 5.5 Spellcasting
 * Level 5.8 Necromancy


You had 12 spell levels left.
You knew the following spells:

 Your Spells              Type           Power        Failure   Level  Hunger
a - Pain                  Necr           ####.        1%          1    N/A
u - Animate Skeleton      Necr           N/A          1%          1    N/A
v - Vampiric Draining     Necr           ####......   4%          3    N/A

Dungeon Overview and Level Annotations

Branches:
Dungeon (6/27)             Temple (1/1) D:5
    Orc: D:6-11

Altars:
Ashenzari
Cheibriados
Elyvilon
Fedhas
Kikubaaqudgha
Makhleb
Nemelex Xobeh
Okawaru
Sif Muna
The Shining One
Trog
Vehumet
Xom
Yredelemnul
Zin

Annotations
D:6 Edmund


Innate Abilities, Weirdness & Mutations

You do not eat or drink.
Your flesh is vulnerable to fire.
Your flesh is cold resistant.
You are immune to negative energy.
Your system is resistant to poisons.
You are immune to unholy pain and torment.
You can survive without breathing.


Message History

Aiming: Vampiric Draining
Press: ? - help, Shift-Dir - straight line, f/p - Edmund
Aim: Edmund, wielding a flail of holy wrath and wearing a dyed orcish leather armour (moderately wounded) Edmund is heavily wounded.
You feel life coursing into your body.
Edmund hits you with a flail of holy wrath.
* * * LOW HITPOINT WARNING * * *
You convulse!
* * * LOW HITPOINT WARNING * * *
Casting: Vampiric Draining
Confirm with . or Enter, or press ? or * to list all spells.
Aiming: Vampiric Draining
Press: ? - help, Shift-Dir - straight line, f/p - Edmund
Aim: Edmund, wielding a flail of holy wrath and wearing a dyed orcish leather armour (heavily wounded) Edmund is severely wounded.
You feel life coursing into your body.
Edmund hits you with a flail of holy wrath!
* * * LOW HITPOINT WARNING * * *
You convulse!
You die...

#..)...#....'.....####.
#.!....'.####.....'....
#......### #.....#####
####'### ###+### #.#
#.## #..## ##z.# ##@#
.......@..# .........+
.........# ...<.....#
...<....# .......#
####+##


You could see Edmund and a friendly hobgoblin skeleton.

Vanquished Creatures
  An ogre (D:5)
  A centaur (D:6)
  2 crimson imps (D:5)
  An orc priest (D:5)
  A big kobold skeleton (D:5)
  Crazy Yiuf (D:3)
  An iguana (D:4)
  2 hounds (D:5)
  3 orc wizards
  A worker ant zombie (D:5)
  2 worker ants (D:5)
  Ijyb (D:4)
  10 gnolls
  2 iguana skeletons (D:1)
  10 adders
  A worm (D:3)
  An ooze (D:5)
  3 giant geckos
  6 orcs
  A ball python (D:5)
  10 bats
  4 giant cockroaches
  11 hobgoblins
  2 jackals (D:4)
  10 kobolds
  4 quokkas
  8 giant newts
  14 goblins
  A hobgoblin skeleton (D:5)
  A kobold skeleton (D:1)
  12 rats
  A rat skeleton (D:1)
  A rat zombie (D:5)
  A butterfly (D:5)
  2 fungi (D:3)
133 creatures vanquished.

Vanquished Creatures (collateral kills)
  An ogre (D:4)
  A gnoll (D:2)
  An adder skeleton (D:5)
  A worm (D:3)
  A bat skeleton (D:1)
  A hobgoblin (D:2)
  A kobold (D:1)
  2 rats (D:1)
  A butterfly (D:5)
10 creatures vanquished.

Vanquished Creatures (others)
  3 orc skeletons
  3 adder skeletons
  4 bat skeletons
  A gnoll skeleton (D:4)
  2 giant newt skeletons (D:3)
  2 goblin skeletons
  3 hobgoblin skeletons
  3 kobold skeletons
  A rat skeleton (D:4)
22 creatures vanquished.

Grand Total: 165 creatures vanquished

Notes
Turn   | Place    | Note
--------------------------------------------------------------
     0 | D:1      | MordorOrchid, the Mummy Necromancer, began the quest for the Orb.
     0 | D:1      | Reached XP level 1. HP: 13/13 MP: 3/3
    13 | D:1      | Learned a level 1 spell: Animate Skeleton
   127 | D:1      | Noticed an iguana skeleton
   135 | D:1      | Killed an iguana skeleton
   135 | D:1      | Reached XP level 2. HP: 1/19 MP: 1/4
   585 | D:1      | Noticed a kobold skeleton
   593 | D:1      | Killed a kobold skeleton
   758 | D:1      | Noticed an iguana skeleton
   758 | D:1      | Noticed a bat skeleton
   773 | D:1      | Killed an iguana skeleton
   773 | D:1      | Reached skill level 1 in Fighting
   779 | D:1      | Killed a bat skeleton
   779 | D:1      | Reached XP level 3. HP: 22/24 MP: 6/6
   784 | D:1      | Learned a level 3 spell: Vampiric Draining
   855 | D:1      | Noticed a rat skeleton
   863 | D:1      | Killed a rat skeleton
  1499 | D:1      | Reached XP level 4. HP: 23/30 MP: 7/9
  1745 | D:2      | Found a shattered altar of Ashenzari.
  2085 | D:2      | Reached skill level 1 in Maces & Flails
  2521 | D:3      | Reached XP level 5. HP: 34/36 MP: 2/11
  2585 | D:3      | Found a glowing silver altar of Zin.
  2931 | D:3      | Noticed Crazy Yiuf
  2953 | D:3      | Killed Crazy Yiuf
  3126 | D:4      | Reached XP level 6. HP: 35/42 MP: 7/14
  3808 | D:4      | Got a dazzling hand axe
  3856 | D:4      | Noticed Ijyb
  3878 | D:4      | Killed Ijyb
  3958 | D:5      | Entered Level 5 of the Dungeon
  3963 | D:5      | Reached skill level 5 in Necromancy
  4088 | D:5      | Found a staircase to the Ecumenical Temple.
  4141 | Temple   | Entered the Ecumenical Temple
  4238 | D:5      | Reached XP level 7. HP: 42/48 MP: 17/17
  4341 | D:5      | Reached skill level 5 in Spellcasting
  4573 | D:5      | Identified the +0,-3 hand axe "Prast" (You found it on level 4 of the Dungeon)
  4742 | D:5      | Found a deep blue altar of Sif Muna.
  5475 | D:6      | Found a snail-covered altar of Cheibriados.
  5541 | D:6      | Noticed Edmund
  5551 | D:6      | HP: 1/48 [Edmund/flail of holy wrath (11)]
  5551 | D:6      | Demolished by Edmund
